 Dungeon Crawl Stone Soup version 0.15-a0-834-gd31242b (console) character file.

1397 Heavyweight the Nimble (level 8, -1/51 HPs)
             Began as a Felid Chaos Knight on May 15, 2014.
             Was a Plaything of Xom.
             Slain by an ice beast (9 damage)
             ... on Level 8 of the Dungeon.
             The game lasted 00:38:14 (4192 turns).

Heavyweight the Nimble (Felid Chaos Knight)         Turns: 4192, Time: 00:38:15

HP  -1/51        AC  2     Str 13      XL: 8   Next: 41%
MP  20/20        EV 26     Int 14      God: Xom
Gold 273         SH  0     Dex 20      Spells:  6 memorised,  0 levels left
Lives: 0, deaths: 2

rFire  + . .     SeeInvis +       - Unarmed
rCold  . . .     Clarity  .     (armour unavailable)
rNeg   . . .     Conserve +     (shield unavailable)
rPois  .         rCorr    .     (helmet unavailable)
rElec  .         rRot     .     (cloak unavailable)
SustAb . .       Spirit   .     (gloves unavailable)
rMut   .         Warding  .     (boots unavailable)
Gourm  .         Stasis   .     z - amulet of conservation
MR     +....                    i - +3 ring of dexterity
                                f - ring of protection from fire

@: berserking, lethally poisoned, very quick, somewhat resistant to hostile
enchantments, extremely unstealthy
A: paw claws, no armour, no weapons or thrown items, fangs 3, see invisible,
carnivore 3, speed 1, shaggy fur 2, slow metabolism 2, jump 2
a: Jump Attack, Renounce Religion


You were on level 8 of the Dungeon.
You worshipped Xom.
You were a toy of Xom.
You were completely stuffed.

You visited 2 branches of the dungeon, and saw 9 of its levels.

You collected 273 gold pieces.

Inventory:

Magical devices
 l - a wand of digging (10)
 n - a wand of draining (8)
 y - a wand of fire (5)
 E - a wand of frost (7)
 F - a wand of fire (9)
Comestibles
 c - 2 meat rations
Scrolls
 b - 2 scrolls of noise
 h - a scroll of random uselessness {unknown}
 j - 6 scrolls of teleportation {unknown}
 k - a scroll of magic mapping {unknown}
 m - 4 scrolls of remove curse
 o - a scroll of enchant weapon II {unknown}
 p - 2 scrolls of amnesia {unknown}
 r - 2 scrolls of blinking {unknown}
 u - a scroll of fog {unknown}
 v - 3 scrolls of enchant armour {unknown}
 A - a scroll of enchant weapon I {unknown}
 D - a scroll of enchant weapon III {unknown}
Jewellery
 a - an uncursed ring of magical power
 f - a ring of protection from fire (left paw)
 i - a +3 ring of dexterity (right paw)
 q - an uncursed ring of stealth
 z - an amulet of conservation (around neck)
Potions
 d - 2 potions of agility
 e - 4 potions of heal wounds
 g - a potion of curing
 s - a potion of restore abilities
 t - 2 potions of invisibility {unknown}
 B - a potion of flight {unknown}


   Skills:
 - Level 3.0 Fighting
 - Level 8.5 Dodging
 + Level 8.0 Unarmed Combat
 - Level 3.3 Spellcasting
 + Level 7.0 Hexes
 * Level 2.2 Necromancy
 * Level 2.4 Translocations


You couldn't memorise any spells.
You knew the following spells:

 Your Spells              Type           Power        Failure   Level  Hunger
a - Slow                  Hex            ###.....     1%          2    ##.....
b - Confusing Touch       Hex            ###.......   1%          1    #......
c - Animate Skeleton      Necr           N/A          10%         1    #......
d - Apportation           Tloc           #.........   10%         1    #......
e - Enslavement           Hex            ###.....     14%         4    #####..
f - Cause Fear            Hex            ###.......   14%         4    #####..


Dungeon Overview and Level Annotations

Branches:
Dungeon (8/15)             Temple (1/1) D:6
   Lair: D:8-11

Altars:
Dithmenos
Elyvilon
Fedhas
Kikubaaqudgha
Okawaru
Qazlal
Sif Muna
Xom
The Shining One

Annotations:
D:4 DasRunzen's ghost, average DsWn


Innate Abilities, Weirdness & Mutations

You cannot wear armour.
You are incapable of wielding weapons or throwing items.
Your paws have sharp claws.
You have razor-sharp teeth.
You have supernaturally acute eyesight.
You are carnivorous and can eat meat at any time.
You cover ground quickly.
You are covered in thick fur (AC +2).
You need consume almost no food.
You can jump attack at a medium distance.


Message History

You miss the killer bee. You bite the killer bee.
The killer bee is moderately wounded.
The killer bee completely misses you. x2
The killer bee stings you!
You are poisoned.
The killer bee poisons you! The killer bee stings you.
* * * LOW HITPOINT WARNING * * *
You are lethally poisoned!
The killer bee poisons you!
You are too injured to fight recklessly!
You are too injured to fight recklessly!
You are too injured to fight recklessly!
You barely miss the killer bee. Your bite misses the killer bee.
* * * LOW HITPOINT WARNING * * *
You feel sick. The killer bee completely misses you. The killer bee misses you.
The ice beast hits you.
* * * LOW HITPOINT WARNING * * *
The ice beast freezes you!
You die...
Xom giggles madly!

...............%....##
.....................##
......................##
.......................#
........................#
........................
y.....o.................
............?..y.........
....#.....o....y@Y<......
... ##...........y.......
. ...................
.........$..........
................y...
.#...............
............. .........
...


You could see an ice beast, 4 killer bees and an orc wizard (invisible).

Vanquished Creatures
  A slave (D:7)
  5 ogres
  A dwarf (D:6)
  A black bear (D:7)
  3 giant frogs
  9 killer bees
  2 goliath beetles
  A quasit (D:6)
  3 hounds
  A jelly (D:5)
  An orc wizard (D:5)
  4 worker ants
  Jessica (D:2)
  A crocodile skeleton (D:6)
  A mummy (D:7)
  A hound skeleton (D:5)
  6 adders
  3 shadow imps
  5 giant geckos
  13 orcs
  7 giant cockroaches
  9 goblins
  11 hobgoblins
  10 jackals
  5 quokkas
  A ball python (D:8)
  6 bats
  2 giant newts
  A giant spore (D:6)
  A hobgoblin skeleton (D:7)
  A hobgoblin zombie (D:5)
  9 kobolds
  2 orc zombies (D:5)
  10 rats
  A rat skeleton (D:7)
  A rat zombie (D:8)
  4 ballistomycetes (D:6)
144 creatures vanquished.

Vanquished Creatures (collateral kills)
  Pikel (D:7)
  A slave (D:7)
  A killer bee (D:7)
  A troll skeleton (D:7)
  A gnoll (D:4)
  An orc zombie (D:7)
6 creatures vanquished.

Vanquished Creatures (others)
  A felid skeleton (D:7)
  A giant frog skeleton (D:8)
  A black bear skeleton (D:7)
  A human skeleton (D:7)
  An ogre skeleton (D:7)
  A quokka skeleton (D:7)
6 creatures vanquished.

Grand Total: 156 creatures vanquished

Notes
Turn   | Place    | Note
--------------------------------------------------------------
     0 | D:1      | Heavyweight, the Felid Chaos Knight, began the quest for the Orb.
     0 | D:1      | Reached XP level 1. HP: 10/10 MP: 2/2
   231 | D:1      | XOM: divination: detect items
   241 | D:1      | Reached XP level 2. HP: 5/14 MP: 3/3
   416 | D:1      | Found a glowing golden altar of the Shining One.
   701 | D:2      | Reached skill level 4 in Unarmed Combat
   757 | D:2      | Noticed Jessica
   788 | D:2      | Killed Jessica
   788 | D:2      | Reached XP level 3. HP: 15/17 MP: 5/5
   871 | D:2      | XOM: harmless Pois miscast
  1018 | D:3      | Reached XP level 4. HP: 21/21 MP: 7/7
  1093 | D:2      | XOM: harmless Summ miscast
  1239 | D:4      | Found an iron altar of Okawaru.
  1260 | D:4      | Noticed DasRunzen's ghost (average DsWn)
  1347 | D:3      | XOM: noise
  1573 | D:4      | XOM: confuse monster(s)
  1677 | D:4      | XOM is BORED!
  1677 | D:4      | XOM: mild Trmt miscast
  1702 | D:5      | Entered Level 5 of the Dungeon
  1702 | D:5      | Noticed an ogre
  1704 | D:5      | XOM: enchant monster (good)
  1723 | D:5      | Killed an ogre
  1723 | D:5      | Reached skill level 5 in Unarmed Combat
  1723 | D:5      | Reached XP level 5. HP: 19/24 MP: 8/8
  1752 | D:5      | Reached skill level 6 in Unarmed Combat
  1851 | D:5      | Gained mutation: You are covered in thick fur (AC +2). [growing up]
  1851 | D:5      | Gained mutation: You can jump attack at a medium distance. [growing up]
  1851 | D:5      | Reached XP level 6. HP: 16/28 MP: 10/10
  1852 | D:5      | bubbling silvery, green
  2006 | D:5      | XOM: swap monsters
  2030 | D:5      | Reached skill level 5 in Dodging
  2070 | D:5      | XOM: confuse monster(s)
  2112 | D:5      | XOM: noise
  2116 | D:5      | Noticed a sky beast
  2121 | D:5      | XOM: enchant monster (bad)
  2122 | D:5      | Noticed an ogre
  2141 | D:5      | a sky beast changed into a worm
  2141 | D:5      | XOM: polymorph sky beast -> worm
  2319 | D:5      | XOM: harmless Summ miscast
  2320 | D:5      | XOM: mild Hex miscast
  2326 | D:5      | Killed an ogre
  2326 | D:5      | Reached skill level 7 in Unarmed Combat
  2326 | D:5      | Reached XP level 7. HP: 17/31 MP: 12/12
  2446 | D:6      | XOM: enchant monster (bad)
  2552 | D:6      | XOM: swap monsters
  2582 | D:6      | XOM: give mutation
  2582 | D:6      | Gained mutation: You need consume almost no food. [Xom's grace]
  2753 | D:6      | Found a staircase to the Ecumenical Temple.
  2784 | Temple   | Entered the Ecumenical Temple
  2818 | Temple   | XOM: noise
  2911 | D:6      | XOM: confusion (+ monsters)
  2967 | D:6      | Learned a level 2 spell: Slow
  3008 | D:6      | XOM: medium Hex miscast
  3025 | D:6      | XOM: polymorph orc warrior -> dwarf
  3026 | D:6      | XOM: silly message
  3036 | D:6      | Reached skill level 1 in Hexes
  3110 | D:6      | XOM: harmless Hex miscast
  3118 | D:6      | XOM: vitrification
  3160 | D:7      | Noticed Pikel
  3187 | D:7      | XOM: 1-stop teleportation journey
  3198 | D:7      | Reached skill level 1 in Spellcasting
  3240 | D:7      | XOM: noise
  3247 | D:7      | XOM: 6-stop teleportation journey
  3248 | D:7      | HP: 1/31 [ogre/giant club (26)]
  3336 | D:7      | Learned a level 1 spell: Confusing Touch
  3338 | D:7      | Learned a level 1 spell: Animate Skeleton
  3340 | D:7      | Learned a level 1 spell: Apportation
  3345 | D:7      | Learned a level 4 spell: Enslavement
  3443 | D:7      | XOM: confusion (+ monsters)
  3452 | D:7      | Slain by a troll skeleton
  3453 | D:7      | Reached XP level 6. HP: -3/28 MP: 7/13
  3459 | D:7      | XOM: stat loss: -1 Int (13/14)
  3468 | D:7      | Reached XP level 7. HP: 31/31 MP: 6/15
  3551 | D:7      | XOM: medium Tloc miscast
  3561 | D:7      | Slain by a troll skeleton
  3562 | D:7      | Reached XP level 6. HP: -1/28 MP: 7/13
  3571 | D:7      | XOM: 3-stop teleportation journey
  3658 | D:7      | XOM: potion effect (agility)
  3684 | D:7      | XOM: enchant monster (bad)
  3685 | D:7      | Killed Pikel
  3685 | D:7      | Reached skill level 8 in Dodging
  3685 | D:7      | Reached skill level 5 in Hexes
  3685 | D:7      | Reached XP level 7. HP: 26/31 MP: 16/18
  3778 | D:7      | Your ally Heavyweight died
  3856 | D:7      | HP: 1/31 [poisoned by a killer bee]
  3867 | D:7      | Reached XP level 8. HP: 8/34 MP: 0/20
  3869 | D:7      | Reached skill level 1 in Translocations
  3876 | D:7      | Learned a level 4 spell: Cause Fear
  3977 | D:7      | XOM: cast spell 'Spider Form'
  4053 | D:8      | Reached skill level 1 in Necromancy
  4091 | D:8      | XOM: confuse monster(s)
  4127 | D:8      | Found a glowing golden altar of the Shining One.
  4183 | D:8      | XOM: cast spell 'Dispersal'
  4192 | D:8      | Slain by an ice beast

Action                   |  1- 3 |  4- 6 |  7- 9 || total
-------------------------+-------+-------+-------++-------
Melee: Unarmed           |   111 |   236 |   234 ||   581
 Cast: Slow              |       |     4 |     7 ||    11
       Confusing Touch   |       |     3 |    20 ||    23
       Animate Skeleton  |       |     1 |     6 ||     7
       Enslavement       |       |       |     4 ||     4
Evoke: Wand              |       |     1 |     3 ||     4
  Use: Scroll            |       |     5 |     7 ||    12
       Potion            |       |     1 |     5 ||     6
 Stab: Sleeping          |     1 |     1 |     2 ||     4
       Confused          |       |     5 |    13 ||    18
       Petrified         |       |     4 |       ||     4
       Petrifying        |       |     1 |       ||     1
